 Dungeon Crawl Stone Soup version 0.28-a0-1506-g3893175d92 (webtiles) character file.

Game seed: 2944593694509513658

79571 fragbeetle the Geomancer (level 15, -9/92 HPs)
             Began as a Gargoyle Earth Elementalist on Jan 13, 2022.
             Was a High Priest of Vehumet.
             Mangled by a boulder beetle (35 damage)
             ... on level 11 of the Dungeon.
             The game lasted 02:28:28 (30900 turns).

fragbeetle the Geomancer (GrEE)                    Turns: 30900, Time: 02:28:29

Health: -9/92      AC: 29    Str: 18    XL:     15   Next: 64%
Magic:  6/25       EV: 15    Int: 25    God:    Vehumet [*****.]
Gold:   685        SH:  0    Dex: 12    Spells: 0/28 levels left

rFire   + . .      SeeInvis .   a - staff of earth
rCold   + . .      Faith    .   (no shield)
rNeg    + + .      Spirit   .   A - +3 leather armour {rF+}
rPois   ∞          Reflect  .   i - +2 hat {Will+}
rElec   +          Harm     .   t - +0 cloak
rCorr   .          Rampage  .   T - +1 pair of gloves of Privacy {Int+5}
Will    ++...                   r - +2 pair of boots {Stlth+}
Stlth   +++.......              (no amulet)
HPRegen 0.25/turn               R - +4 ring of protection
MPRegen 0.19/turn               l - ring of Wisdom {rPois rC+ rN+ Str+5}

@: flying, studying Maces & Flails
A: sickness immunity, AC +11, big wings, negative energy resistance 1,
electricity resistance, torment resistance 1, petrification resistance
a: Renounce Religion


You were on level 11 of the Dungeon.
You worshipped Vehumet.
Vehumet was extremely pleased with you.
You visited 4 branches of the dungeon, and saw 20 of its levels.
You also visited: Sewer, Bailey and Ice Cave.

You collected 2919 gold pieces.
You spent 2234 gold pieces at shops.

Inventory:

Hand Weapons
 b - a +0 hand crossbow
 H - a +2 whip of flaming
Missiles
 c - 157 stones
 O - 5 throwing nets
 W - 26 curare-tipped darts
 Z - 132 bolts
Armour
 i - a +2 hat of willpower (worn)
 n - a +2 robe of willpower
 r - a +2 pair of boots of stealth (worn)
 t - a +0 cloak (worn)
 A - a +3 leather armour of fire resistance (worn)
 T - the +1 pair of gloves of Privacy (worn) {Int+5}
   (You acquired it in an ice cave)

   Int:       It affects your intelligence (+5).
Magical Staves
 a - a staff of earth (weapon)
 x - a staff of death
Jewellery
 e - a ring of protection from cold
 l - the ring of Wisdom (right hand) {rPois rC+ rN+ Str+5}
   (You found it on level 6 of the Lair of Beasts)

   [ring of protection from cold]

   Str:       It affects your strength (+5).
   rC:        It protects you from cold.
   rPois:     It protects you from poison.
   rN:        It protects you from negative energy.
 p - the ring "Kivessiz" {rPois rN+ Str+5}
   (You found it in an ice cave)

   [ring of poison resistance]

   Str:       It affects your strength (+5).
   rPois:     It protects you from poison.
   rN:        It protects you from negative energy.
 w - the ring "Zischug" {Fly rF+ Str+4}
   (You found it on level 4 of the Lair of Beasts)

   [ring of flight]

   Str:       It affects your strength (+4).
   rF:        It protects you from fire.
   Fly:       It grants you flight.
 z - a ring of see invisible
 D - a ring of ice
 G - a +4 ring of slaying
 R - a +4 ring of protection (left hand)
Wands
 j - a wand of iceblast (1)
 s - a wand of flame (29)
 v - a wand of digging (8)
 Q - a wand of polymorph (2)
 X - a wand of charming (8)
Scrolls
 d - 3 scrolls of fog
 f - 6 scrolls of teleportation
 o - a scroll of magic mapping {unknown}
 q - 2 scrolls of silence {unknown}
 y - a scroll of brand weapon {unknown}
 F - 2 scrolls of summoning
 I - a scroll of blinking {unknown}
 L - a scroll of torment {unknown}
 M - 2 scrolls of fear
 U - 4 scrolls of holy word
Potions
 g - 2 potions of might
 h - a potion of lignification
 k - 3 potions of brilliance
 m - a potion of heal wounds
 u - 4 potions of haste
 B - 2 potions of ambrosia
 C - 2 potions of invisibility
 E - 3 potions of resistance
 J - 2 potions of flight {unknown}
 K - 2 potions of degeneration {unknown}
 N - 7 potions of curing
 S - a potion of magic {unknown}
Miscellaneous
 V - a condenser vane


   Skills:
 - Level 10.3 Fighting
 - Level 9.4(10.8) Maces & Flails
 + Level 8.4(10.3) Staves
 + Level 0.6 Armour
 - Level 9.2 Dodging
 - Level 4.0 Stealth
 - Level 7.0 Spellcasting
 - Level 9.0 Conjurations
 + Level 5.1 Summonings
 - Level 1.0 Transmutations
 * Level 9.8 Fire Magic
 + Level 14.5 Earth Magic
 - Level 5.0 Poison Magic
 + Level 5.3 Evocations


You couldn't memorise any spells.
You knew the following spells:

 Your Spells              Type           Power      Damage    Failure   Level
a - Sandblast             Erth           100%       2d20      0%          1
b - Stone Arrow           Conj/Erth      100%       3d13      1%          3
c - Mephitic Cloud        Conj/Pois/Air  32%        N/A       1%          3
d - Call Imp              Summ           34%        N/A       1%          2
e - Iron Shot             Conj/Erth      40%        9d8       2%          6
f - Fireball              Conj/Fire      27%        3d12      1%          5
g - Sticky Flame          Conj/Fire      54%        2d7       1%          4
h - Leda's Liquefaction   Hex/Erth       30%        N/A       4%          4

Your spell library contained the following spells:

 Spells                   Type           Power      Damage    Failure   Level
 Magic Dart               Conj           100%       1d8       1%          1
 Passwall                 Tmut/Erth      53%        N/A       1%          2
 Animate Armour           Summ/Erth      100%       N/A       1%          4
 Call Canine Familiar     Summ           34%        N/A       2%          3
 Petrify                  Tmut/Erth      64%        N/A       3%          4
 Beastly Appendage        Tmut           26%        N/A       5%          1
 Spider Form              Tmut/Pois      23%        N/A       7%          3
 Starburst                Conj/Fire      27%        6d9       7%          6
 Pain                     Necr           32%        1d5       8%          1
 Wereblood                Tmut           13%        N/A       8%          2
 Summon Guardian Golem    Hex/Summ       21%        N/A       9%          3
 Freezing Cloud           Conj/Ice/Air   11%        6-21      17%         5
 Portal Projectile        Hex/Tloc       16%        N/A       24%         3
 Orb of Destruction       Conj           26%        9d10      38%         7
 Cause Fear               Hex            4%         N/A       61%         4
 Spellforged Servitor     Conj/Summ      22%        N/A       63%         7
 Blade Hands              Tmut           6%         N/A       82%         5
 Ignition                 Fire           27%        3d9       89%         8
 Agony                    Necr           8%         N/A       91%         5
 Excruciating Wounds      Necr           4%         N/A       91%         5
 Simulacrum               Ice/Necr       4%         N/A       100%        6
 Dragon Form              Tmut           6%         N/A       100%        7
 Dragon's Call            Summ           17%        N/A       100%        9
 Polar Vortex             Ice            4%         N/A       100%        9


Dungeon Overview and Level Annotations

Branches:
Dungeon (11/15)            Temple (1/1) D:7            Lair (6/6) D:9
  Snake (0/4) Lair:4       Spider (0/4) Lair:2        Slime (0/5) Lair:5
    Orc (2/2) D:10            Elf (0/3) Orc:2         Sewer (visited)
 Bailey (visited)           IceCv (visited)
  Swamp: Lair:2-4    Shoals: Lair:2-4

Altars:
Ashenzari
Cheibriados
Dithmenos
Elyvilon
Fedhas
Gozag
Hepliaklqana
Kikubaaqudgha
Makhleb
Nemelex Xobeh
Okawaru
Qazlal
Ru
Sif Muna
Trog
Uskayaw
Vehumet
Wu Jian
Xom
Yredelemnul
Zin
The Shining One
Beogh
Jiyva

Shops:
D:10 :   Orc:2 [[![:

Portals:
Trove: D:10 (give +3 storm dragon scales)


Innate Abilities, Weirdness & Mutations

You are immune to sickness and miasma.
Your stone body is resilient. (AC +11)
You are immune to poison.
Your large and strong wings let you fly.
You resist negative energy. (rN+)
You are resistant to electric shocks. (rElec)
You are resistant to unholy torment.
You are immune to petrification.


Message History

You hit the boulder beetle but do no damage.
The boulder beetle is moderately wounded.
You hit the boulder beetle but do no damage.
The boulder beetle is moderately wounded.
The boulder beetle bites you but does no damage.
You hit the boulder beetle but do no damage.
The boulder beetle is moderately wounded.
The boulder beetle completely misses you.
You hit the boulder beetle but do no damage.
The boulder beetle is moderately wounded.
The boulder beetle bites you!!
You hit the boulder beetle but do no damage.
The boulder beetle is moderately wounded.
You hit the boulder beetle but do no damage.
The boulder beetle is moderately wounded.
The boulder beetle closely misses you.
You hit the boulder beetle but do no damage.
The boulder beetle is moderately wounded.
The boulder beetle bites you.
You completely miss the boulder beetle.
The boulder beetle is moderately wounded.
You hit the boulder beetle but do no damage.
The boulder beetle is moderately wounded.
The boulder beetle closely misses you.
The boulder beetle bites you but does no damage.
The boulder beetle completely misses you.
The boulder beetle curls into a ball and begins rolling!
The boulder beetle hits you!!!
* * * LOW HITPOINT WARNING * * *
The boulder beetle stops rolling and uncurls.
There is an open door here.
You feel much better. The boulder beetle bites you!
* * * LOW HITPOINT WARNING * * *
As you read the scroll of teleportation, it crumbles to dust.
You feel strangely unstable.
The boulder beetle leaps!
Your surroundings seem slightly different.
The boulder beetle waves its antennae.
The boulder beetle curls into a ball and begins rolling!
The boulder beetle hits you!!
You die...

.#..+....#....# ...............#
.#..#....+....# .........†.....#
.##.###..#....######.####..#####
###.###..#...°#..########..#
.........'....○........'...#
.........#...°#........#...#
.........#...°###########..#
.........#....○.........#..#
.........#.....B@......<#..#
.######..#..............####
.######).#..............#
....')..(+....#########.#
....#..[.#....#.........#####
...##....##'###........#....#
...##....##............+....#
...#...................#....#
...#...................#....#


You could see a boulder beetle (rolling).

Vanquished Creatures
  Gastronok (D:8)
  2 dire elephants (Lair:6)
  A fire dragon (Lair:6)
  A boulder beetle (Lair:2)
  7 hydras
  Fannar (D:11)
  Harold (D:7)
  3 two-headed ogres
  Erica (Lair:2)
  2 catoblepae
  3 orc high priests (Orc:2)
  3 death yaks (Lair:6)
  An orb spider (Lair:2)
  A swamp dragon (Lair:6)
  A lindwurm (Lair:4)
  5 orc knights
  An oklob plant (Lair:5)
  7 orc sorcerers
  2 cyclopes (D:11)
  2 manticores (Lair:6)
  17 elephants
  Maurice (D:10)
  2 ice statues (IceCv)
  Joseph (D:9)
  A torpor snail (Lair:6)
  10 black mambas
  A gargoyle (D:10)
  Maggie (D:8)
  2 kobold demonologists (D:11)
  5 rime drakes
  12 cane toads
  A freezing wraith (IceCv)
  24 komodo dragons
  A guardian mummy (D:10)
  A queen bee (Lair:3)
  2 polar bears
  5 hornets
  2 trolls
  Grinder (D:3)
  A meliai zombie (D:11)
  7 blink frogs
  9 dream sheep (Lair:6)
  Sigmund (D:2)
  12 spriggans (Lair:5)
  55 yaks
  10 basilisks
  A vampire (D:10)
  Grum (D:10)
  Eustachio (D:6)
  6 wyverns
  5 steam dragons
  A naga (Lair:4)
  6 wargs
  15 water moccasins
  Duvessa (D:6)
  2 swamp drakes (Lair:6)
  An ice beast (D:8)
  A hornet zombie (D:5)
  17 orc warriors
  3 black bears
  12 centaurs
  7 ogres
  3 boggarts (Lair:5)
  12 wolves
  2 phantoms
  13 kobold brigands
  Blork the orc (D:6)
  18 bullfrogs
  3 scorpions
  2 cane toad simulacra (IceCv)
  2 gnoll sergeants
  A wyvern skeleton (D:5)
  Dowan (D:6)
  32 killer bees
  3 howler monkeys
  A lava snake (D:8)
  A bullfrog zombie (D:5)
  4 centaur zombies
  Crazy Yiuf (D:6)
  2 centaur skeletons
  A jelly (D:6)
  3 hounds (D:5)
  10 orc priests (Orc:2)
  2 bullfrog skeletons
  A scorpion zombie (D:5)
  Ijyb (D:3)
  Terence (D:3)
  7 iguanas
  17 orc wizards
  A polar bear simulacrum (IceCv)
  10 gnolls
  11 adders
  9 river rats (Sewer)
  A shadow imp (D:8)
  2 white imps (D:7)
  An ufetubus (D:6)
  An adder skeleton (D:4)
  3 worms
  2 dart slugs
  47 orcs
  18 ball pythons
  5 endoplasms
  7 giant cockroaches
  8 goblins
  7 hobgoblins
  2 jackals (D:1)
  3 quokkas
  3 bats
  3 frilled lizards (D:1)
  15 kobolds
  25 rats
640 creatures vanquished.

Vanquished Creatures (collateral kills)
  An ugly thing (IceCv)
1 creature vanquished.

Vanquished Creatures (others)
  24 fungi
  49 plants
73 creatures vanquished.

Grand Total: 714 creatures vanquished

Notes
Turn   | Place    | Note
-------+----------+-------------------------------------------
     0 | D:1      | fragbeetle the Gargoyle Earth Elementalist began the quest
                  | for the Orb.
     0 | D:1      | Reached XP level 1. HP: 10/10 MP: 3/3
   123 | D:1      | Reached XP level 2. HP: 15/16 MP: 5/5
   343 | D:1      | Reached skill level 1 in Transmutations
   369 | D:1      | Reached skill level 4 in Earth Magic
  1077 | D:1      | Reached XP level 3. HP: 19/20 MP: 6/6
  1572 | D:2      | Reached skill level 1 in Fighting
  1666 | D:2      | Noticed Sigmund
  1678 | D:2      | Killed Sigmund
  1679 | D:2      | Reached skill level 1 in Staves
  1679 | D:2      | Reached skill level 5 in Earth Magic
  1679 | D:2      | Reached XP level 4. HP: 15/26 MP: 1/7
  1679 | D:2      | Reached XP level 5. HP: 17/30 MP: 1/8
  1842 | D:2      | Identified the +1 mace of Blood-Lust {drain, rPois Dex-4
                  | SInv Stlth-}
  1911 | D:2      | Found a faded altar of an unknown god.
  1911 | D:2      | Noticed a Tzitzimitl
  2143 | D:2      | Reached XP level 6. HP: 35/35 MP: 7/9
  2449 | D:3      | Noticed Terence
  2460 | D:3      | Killed Terence
  2720 | D:3      | Noticed Ijyb
  2734 | D:3      | Killed Ijyb
  2850 | D:3      | Reached skill level 6 in Earth Magic
  2975 | D:3      | Learned a level 3 spell: Stone Arrow
  2992 | D:3      | Noticed Grinder
  3001 | D:3      | Killed Grinder
  3002 | D:3      | Reached skill level 1 in Conjurations
  3002 | D:3      | Reached XP level 7. HP: 30/41 MP: 5/10
  3533 | D:4      | Identified the +1 ring mail "Ydu Keot" {*Corrode +Blink
                  | rF+++ Stlth+}
  3658 | D:4      | Found a glowing drain.
  3673 | Sewer    | Entered a sewer
  3704 | Sewer    | Reached skill level 7 in Earth Magic
  3905 | Sewer    | Reached XP level 8. HP: 37/47 MP: 11/11
  5250 | D:5      | Entered Level 5 of the Dungeon
  5304 | D:5      | Reached skill level 8 in Earth Magic
  5760 | D:5      | Reached XP level 9. HP: 51/52 MP: 12/12
  6272 | D:5      | Reached skill level 9 in Earth Magic
  6554 | D:5      | Reached skill level 5 in Fighting
  6805 | D:6      | Noticed Duvessa
  6806 | D:6      | Noticed Dowan
  6810 | D:6      | Noticed Eustachio
  6818 | D:6      | Killed Duvessa
  6959 | D:6      | Killed Dowan
  7008 | D:6      | Killed Eustachio
  7009 | D:6      | Reached skill level 1 in Evocations
  7210 | D:6      | Noticed Blork the orc
  7214 | D:6      | Killed Blork the orc
  7348 | D:6      | Found a runed translucent door.
  7349 | D:6      | Noticed Crazy Yiuf
  7354 | D:6      | Killed Crazy Yiuf
  7444 | D:6      | Reached skill level 5 in Staves
  7574 | D:7      | Learned a level 3 spell: Mephitic Cloud
  7721 | D:7      | Noticed Harold
  7733 | D:7      | Killed Harold
  7734 | D:7      | Reached skill level 5 in Conjurations
  7734 | D:7      | Reached skill level 10 in Earth Magic
  7734 | D:7      | Reached skill level 1 in Poison Magic
  7734 | D:7      | Reached XP level 10. HP: 19/60 MP: 0/13
  8111 | D:7      | Reached skill level 5 in Dodging
  8302 | D:7      | Found a staircase to the Ecumenical Temple.
  8308 | Temple   | Entered the Ecumenical Temple
  8489 | Temple   | Became a worshipper of Vehumet
  9177 | D:8      | Noticed Maggie
  9188 | D:8      | Killed Maggie
  9290 | D:8      | Noticed Gastronok
  9311 | D:8      | HP: 3/60 [Gastronok/the air (14)]
  9551 | D:8      | Found a flagged portal.
  9561 | Bailey   | Entered a bailey
  9763 | Bailey   | Identified the +4 trident "Duacos" {vorpal, *Slow rC+
                  | Str+4}
  9995 | Bailey   | Noticed an orc knight
 10022 | Bailey   | Reached * piety under Vehumet
 10022 | Bailey   | Offered knowledge of Freeze by Vehumet.
 10024 | Bailey   | Killed an orc knight
 10337 | Bailey   | Found a bloodstained altar of Trog.
 10653 | D:8      | Killed Gastronok
 10654 | D:8      | Reached XP level 11. HP: 60/67 MP: 5/17
 11109 | D:9      | Noticed Joseph
 11395 | D:8      | Learned a level 2 spell: Call Imp
 11681 | D:9      | Offered knowledge of Poisonous Vapours by Vehumet.
 11757 | D:9      | Reached ** piety under Vehumet
 11786 | D:8      | Reached skill level 11 in Earth Magic
 12031 | D:9      | Found a staircase to the Lair.
 12041 | Lair:1   | Entered Level 1 of the Lair of Beasts
 12214 | D:9      | Reached skill level 1 in Summonings
 12260 | D:8      | Learned a level 6 spell: Iron Shot
 12260 | D:8      | Upgraded the game from 0.28-a0-1493-g08698888e4 to
                  | 0.28-a0-1506-g3893175d92
 12319 | D:9      | Killed Joseph
 12698 | D:9      | Found an iron altar of Okawaru.
 12714 | D:9      | Found an opulent altar of Gozag.
 12848 | D:10     | Entered Level 10 of the Dungeon
 12848 | D:10     | Found Zozouqe's Book Emporium.
 12851 | D:10     | Bought a book of Fire for 484 gold pieces
 12969 | D:10     | Offered knowledge of Static Discharge by Vehumet.
 13026 | D:10     | Noticed Maurice
 13040 | D:10     | Killed Maurice
 13422 | D:10     | Noticed Grum
 13430 | D:10     | Killed Grum
 13656 | D:10     | Found a portal to a secret trove of treasure.
 14126 | D:10     | Found a staircase to the Orcish Mines.
 14331 | D:11     | Reached *** piety under Vehumet
 14335 | D:11     | Reached skill level 5 in Poison Magic
 14366 | D:11     | Reached XP level 12. HP: 73/73 MP: 14/18
 14865 | D:11     | Offered knowledge of Flame Wave by Vehumet.
 14907 | D:11     | Noticed a two-headed ogre
 14911 | D:11     | Killed a two-headed ogre
 14912 | D:11     | Reached skill level 1 in Maces & Flails
 14912 | D:11     | Reached skill level 5 in Spellcasting
 14998 | D:11     | Noticed a boulder beetle
 15096 | D:10     | Bought a manual of Maces & Flails for 880 gold pieces
 15495 | Lair:1   | Reached skill level 12 in Earth Magic
 15503 | Lair:1   | Reached **** piety under Vehumet
 15518 | Lair:1   | Offered knowledge of Hailstorm by Vehumet.
 15531 | Lair:1   | Learned a level 5 spell: Fireball
 15559 | Lair:1   | Noticed a six-headed hydra
 15566 | Lair:1   | Killed a six-headed hydra
 15819 | Lair:1   | Noticed a seven-headed hydra
 15827 | Lair:1   | Killed a seven-headed hydra
 15828 | Lair:1   | Reached skill level 1 in Fire Magic
 16223 | Lair:2   | Noticed a five-headed hydra
 16229 | Lair:2   | Killed a five-headed hydra
 16509 | Lair:2   | Noticed a boulder beetle
 16522 | Lair:2   | Killed a boulder beetle
 16523 | Lair:2   | Reached XP level 13. HP: 61/80 MP: 0/22
 16526 | Lair:2   | Reached skill level 5 in Maces & Flails
 16895 | Lair:2   | Noticed Erica
 16903 | Lair:2   | Killed Erica
 17135 | Lair:2   | Found a hole to the Spider Nest.
 18971 | Lair:4   | Reached skill level 13 in Earth Magic
 18990 | Lair:4   | Reached skill level 5 in Fire Magic
 18990 | Lair:4   | Found a frozen archway.
 19089 | IceCv    | Entered an ice cave
 19210 | IceCv    | Found a transporter.
 19221 | IceCv    | Found a transporter.
 19225 | IceCv    | Identified the ring "Kivessiz" {rPois rN+ Str+5}
 19230 | IceCv    | Identified a scroll of acquirement
 19237 | IceCv    | Acquired the +1 pair of gloves of Privacy {Int+5}
 19284 | IceCv    | Reached skill level 10 in Fighting
 19636 | Lair:4   | Identified the ring "Zischug" {Fly rF+ Str+4}
 19698 | Lair:4   | Found a staircase to the Snake Pit.
 20601 | Lair:5   | Gained mutation: Your large and strong wings let you fly.
                  | [Gargoyle growth]
 20601 | Lair:5   | Reached XP level 14. HP: 86/88 MP: 16/24
 20952 | Lair:5   | Reached ***** piety under Vehumet
 21079 | Lair:5   | Found a viscous altar of Jiyva.
 21079 | Lair:5   | Found a staircase to the Slime Pits.
 21196 | Lair:5   | Offered knowledge of Lightning Bolt by Vehumet.
 23119 | Lair:6   | Entered Level 6 of the Lair of Beasts
 24251 | Lair:6   | Offered knowledge of Sticky Flame by Vehumet.
 24865 | Lair:6   | Noticed a dire elephant
 24928 | Lair:6   | Reached skill level 14 in Earth Magic
 24979 | Lair:6   | Killed a dire elephant
 25281 | Lair:6   | Reached XP level 15. HP: 90/92 MP: 14/25
 25366 | Lair:6   | Learned a level 4 spell: Sticky Flame
 27077 | Lair:6   | Identified the ring of Wisdom {rPois rC+ rN+ Str+5}
 27441 | Orc:1    | Entered Level 1 of the Orcish Mines
 27617 | Orc:2    | Entered Level 2 of the Orcish Mines
 27991 | Orc:2    | Found a staircase to the Elven Halls.
 28278 | Orc:2    | Found Ohuav's Distillery.
 28287 | Orc:2    | Bought a potion of lignification for 33 gold pieces
 28287 | Orc:2    | Bought a potion of attraction for 33 gold pieces
 28287 | Orc:2    | Bought a potion of curing for 33 gold pieces
 28287 | Orc:2    | Bought a potion of curing for 33 gold pieces
 28287 | Orc:2    | Bought a potion of might for 44 gold pieces
 29108 | Orc:2    | Reached skill level 5 in Evocations
 29542 | Orc:2    | Reached skill level 5 in Summonings
 30088 | Orc:2    | Found Jonohol's Book Shop.
 30088 | Orc:2    | Found Lepiz's Armour Shop.
 30092 | Orc:2    | Found Oraa's Armour Shoppe.
 30092 | Orc:2    | Found Oclubb's Antique Armour Shoppe.
 30165 | Orc:2    | Bought a glowing leather armour for 165 gold pieces
 30167 | Orc:2    | Bought a runed leather armour for 165 gold pieces
 30189 | Orc:2    | Bought a book of the Hunter for 364 gold pieces
 30197 | Orc:2    | Learned a level 4 spell: Leda's Liquefaction
 30660 | D:11     | Noticed Fannar
 30667 | D:11     | Killed Fannar
 30900 | D:11     | Mangled by a boulder beetle

Illustrated notes

Levels and vault maps discovered:
D:1:      amcnicky_arrival_double_pillar, layout_loops_ring,
          columned_hall_lemuel
D:2:      layout_basic, dreamdust_ecumenical_altar_sealed_demon, uniq_sigmund
D:3:      layout_basic, serial_aquarium, aquarium_bridge_straight
          [aquarium_subvault_bridge, aquarium_subvault_window,
          aquarium_subvault_bridge, aquarium_subvault_wall],
          aquarium_window_corridor_1, aquarium_window_fake, aquarium_view_2a,
          aquarium_view_2c, aquarium_balcony_double_1, aquarium_pool_1,
          uniq_ijyb, uniq_terence, uniq_grinder
D:4:      layout_gridville, cheibrodos_sewer_entry_drain
D:5:      kennysheep_six_static_rooms, layout_basic, corexii_hall_statues_t
D:6:      layout_cave_pools, uniq_duvessa, uniq_eustachio, uniq_blork_the_orc,
          uniq_crazy_yiuf_cottage
D:7:      layout_rooms, minmay_temple_entry_fiery, feat_on_display, uniq_harold
D:8:      layout_loops_ring, enter_bailey_5, hangedman_decor_riveting,
          minmay_misc_feat_encased, kennysheep_path_1, grunt_ogre_cave,
          uniq_maggie, uniq_gastronok
D:9:      layout_rooms, mainiacjoe_overflow_swirl, david_lair_generic,
          grunt_ministairs_9, uniq_joseph
D:10:     layout_loops_corners, minmay_orc_entry_guard_dogs,
          nicolae_trove_entry_path_of_doom, nicolae_stop_n_shop_2, uniq_maurice,
          uniq_grum
D:11:     layout_gridville, minmay_stone_trees_small, uniq_fannar
Temple:   mainiacjoe_temple_cubbyholes
Lair:1:   layout_chaotic_city
Lair:2:   layout_cave_shapes, nicolae_spider_entry_orb_guardian, st_stairs_5,
          beast_lair_carwin_10, uniq_erica
Lair:3:   layout_roguey, special_room [special_room_bee],
          chequers_serial_rivers_micro_a, grunt_megastairs_1
Lair:4:   layout_regular_city, guppyfry_snake_entry_island,
          portal_ice_cave_entry_pillars_1, serial_bayou_shore_a,
          serial_bayou_shore_b
Lair:5:   kb_forest_paths, layout_long_grid, slime_altar_1,
          chequers_serial_rivers_micro_a, infiniplex_staircase_pool
Lair:6:   guppyfry_lair_end_dragon, layout_cave_pods, hangedman_lair_in_review,
          infiniplex_staircase_pool_2
Orc:1:    layout_caves, basic_altar
Orc:2:    st_orc_elflike, layout_caves, serial_shops, nicolae_diamond_shop

Skill      XL: |  1  2  3  4  5  6  7  8  9 10 11 12 13 14 15 |
---------------+----------------------------------------------+-----
Transmutations | 1 |  1.0
Earth Magic    | 4 5 6 7 8 10 11 12 13 14 | 14.5
Fighting       | 2 3 4 5 7 8 9 10 | 10.3
Staves         | 1 2 3 4 5 6 7 8 |  8.4
Dodging        | 2 3 4 5 6 7 8 9 |  9.2
Stealth        | 3 4 |  4.0
Conjurations   | 1 3 5 6 7 8 9 |  9.0
Evocations     | 1 2 4 5 |  5.3
Poison Magic   | 1 3 5 |  5.0
Spellcasting   | 4 6 7 |  7.0
Summonings     | 2 4 5 |  5.1
Maces & Flails | 4 7 9 |  9.4
Fire Magic     | 2 5 8 9 |  9.8
Armour         | |  0.6

Action                   |  1- 3 |  4- 6 |  7- 9 | 10-12 | 13-15 || total
-------------------------+-------+-------+-------+-------+-------++-------
Melee: Whip              |    97 |    57 |   243 |   557 |   174 ||  1128
       Punch             |     1 |       |       |     8 |    10 ||    19
       Staff             |       |       |       |       |   433 ||   433
 Fire: Shortbow          |       |       |       |    50 |    10 ||    60
       Hand crossbow     |       |       |       |       |     1 ||     1
Throw: Throwing net      |       |       |       |     1 |       ||     1
 Cast: Sandblast         |    10 |    20 |    52 |    61 |   108 ||   251
       Stone Arrow       |       |       |    23 |   134 |   309 ||   466
       Mephitic Cloud    |       |       |       |     7 |    19 ||    26
       Iron Shot         |       |       |       |     7 |   105 ||   112
       Call Imp          |       |       |       |       |     8 ||     8
       Fireball          |       |       |       |       |     7 ||     7
Evoke: Condenser vane    |       |       |       |     2 |     2 ||     4
       Wand              |       |       |       |     1 |     9 ||    10
  Use: Scroll            |       |       |     1 |     9 |    13 ||    23
       Potion            |       |       |       |     2 |     4 ||     6
 Stab: Sleeping          |     1 |       |     2 |     2 |       ||     5
       Confused          |       |       |       |     5 |     2 ||     7
       Petrified         |       |       |       |       |     6 ||     6
Armor: Robe              |    28 |    17 |   120 |   348 |   408 ||   921
       Leather armour    |       |       |       |       |     3 ||     3
Dodge: Dodged            |    55 |    48 |   241 |   448 |   494 ||  1286

Table legend: (Time is in decaauts)
 A = Elapsed time spent in this place.
 B = Non-inter-level travel time spent in this place.
 C = Inter-level travel time spent in this place.
 D = Time resting spent in this place.
 E = Time spent auto-exploring this place.
 F = Levels seen in this place.
 G = Mean time per level.
                   A        B        C        D        E       F      G
               +--------+--------+--------+--------+--------+-----+--------+
         Total |  30767 |  29871 |    896 |   8767 |   9186 |  23 | 1337.7 |
       Dungeon |  13690 |  13322 |    368 |   2412 |   6248 |  11 | 1244.5 |
        Temple |    348 |    348 |      0 |      0 |    288 |   1 |  348.0 |
          Lair |  11698 |  11242 |    456 |   4100 |   2145 |   6 | 1949.7 |
  Orcish Mines |   2833 |   2762 |     71 |    988 |    505 |   2 | 1416.5 |
         Sewer |    990 |    990 |      0 |    553 |      0 |   1 |  990.0 |
        Bailey |    817 |    817 |      0 |    484 |      0 |   1 |  817.0 |
      Ice Cave |    388 |    388 |      0 |    230 |      0 |   1 |  388.0 |
               +--------+--------+--------+--------+--------+-----+--------+

Top non-repeatable levels by time:
  Lair:6: 3800 daAuts
  Lair:5: 2403 daAuts
     D:8: 2106 daAuts
   Orc:2: 2098 daAuts
     D:5: 1705 daAuts
    D:10: 1602 daAuts
     D:1: 1470 daAuts
  Lair:4: 1468 daAuts
  Lair:1: 1417 daAuts
  Lair:3: 1393 daAuts
    D:11: 1249 daAuts
  Lair:2: 1214 daAuts
     D:3: 1183 daAuts
     D:7: 1087 daAuts
     D:9: 1001 daAuts
